 Dungeon Crawl Stone Soup version 0.31-a0-1074-g0b22e4e0f1 (webtiles) character file.

Game seed: 16995912437957489066

135829 quinnr the Ruinous (level 17, 0/109 HPs)
             Began as a Tengu Air Elementalist on Nov 30, 2023.
             Was a High Priest of Vehumet.
             Slain by a four-headed hydra (15 damage)
             ... on level 3 of the Swamp on Dec 1, 2023.
             The game lasted 01:28:59 (47939 turns).

quinnr the Ruinous (Tengu Air Elementalist)        Turns: 47939, Time: 01:28:59

Health: 0/109      AC:  6    Str: 13    XL:     17   Next: 20%
Magic:  3/41       EV: 21    Int: 23    God:    Vehumet [*****.]
Gold:   1593       SH:  0    Dex: 15    Spells: 5/36 levels left

rFire   . . .        i - staff of conjuration {!a}
rCold   + . .        (no shield)
rNeg    + . .        K - +2 robe {rC+ rF+}
rPois   +            (helmet restricted)
rElec   +            V - +0 cloak "Atud" {rElec rF- rN+ Str+4}
rCorr   .            D - +0 pair of gloves
SInv    .            (boots unavailable)
Will    +....        x - amulet of magic regeneration
Stlth   ++           P - ring of poison resistance
HPRegen 0.38/turn    M - ring of magical power
MPRegen 0.67/turn

%: acrobat
@: swift (expiring), flying, quick
A: beak, talons 3, evasive flight, acrobatic
a: Renounce Religion


You were on level 3 of the Swamp.
You worshipped Vehumet.
Vehumet was extremely pleased with you.
You visited 6 branches of the dungeon, and saw 28 of its levels.

You collected 2755 gold pieces.
You spent 1162 gold pieces at shops.


Innate Abilities, Weirdness & Mutations

You have a beak for a mouth.
You have claws for feet.
Your magical flight helps you evade attacks. (EV +4)
You can magically evade attacks while moving or waiting.


   Skills:
 + Level 13.6 Fighting
 - Level 10.0 Dodging
 - Level 3.0 Stealth
 - Level 10.0 Spellcasting
 - Level 24.0 Conjurations
 - Level 5.0 Translocations
 - Level 15.0 Air Magic
 - Level 5.7 Poison Magic
 - Level 4.5 Evocations


You had 5 spell levels left.
You knew the following spells:

 Your Spells              Type           Power      Damage    Failure   Level
a - Airstrike             Air            34%        2d(5-21)  1%          4
b - Iskenderun's Battles  Conj           100%       2d15      0%          5
d - Orb of Destruction    Conj           55%        9d14      1%          7
i - Swiftness             Air            69%        N/A       1%          3
o - Olgreb's Toxic Radia  Pois           37%        N/A       1%          4
t - Static Discharge      Conj/Air       100%       3-8/arc   0%          2
X - Momentum Strike       Conj/Tloc      100%       3d10      0%          2
Y - Flame Wave            Conj/Fire      79%        2d17      1%          4

Your spell library contained the following spells:

 Spells                   Type           Power      Damage    Failure   Level
 Starburst                Conj/Fire      39%        6d11      1%          6
 Shock                    Conj/Air       100%       1d9       0%          1
 Sting                    Tmut/Pois      96%        1d7       1%          1
 Cigotuvi's Dreadful Rot  Necr/Pois/Air  86%        N/A       1%          2
 Lesser Beckoning         Tloc           68%        N/A       1%          2
 Poisonous Vapours        Pois/Air       100%       N/A       1%          2
 Volatile Blastmotes      Fire/Tloc      46%        2d13      1%          3
 Fulminant Prism          Conj/Hex       39%        3d18      1%          4
 Iskenderun's Mystic Bla  Conj/Tloc      87%        2d17      1%          4
 Gell's Gravitas          Tloc           34%        N/A       2%          3
 Teleport Other           Tloc           34%        N/A       2%          3
 Summon Lightning Spire   Summ/Air       46%        N/A       2%          4
 Inner Flame              Hex/Fire       11%        N/A       4%          3
 Slow                     Hex            44%        N/A       5%          1
 Ensorcelled Hibernation  Hex/Ice        22%        N/A       9%          2
 Jinxbite                 Hex            22%        N/A       9%          2
 Sublimation of Blood     Necr           11%        N/A       9%          2
 Wereblood                Tmut           11%        N/A       9%          2
 Confusing Touch          Hex            11%        N/A       17%         3
 Sigil of Binding         Hex            11%        N/A       17%         3
 Tukima's Dance           Hex            11%        N/A       17%         3
 Vampiric Draining        Necr           11%        2d6       17%         3
 Dimensional Bullseye     Hex/Tloc       11%        N/A       21%         4
 Yara's Violent Unravell  Hex/Tmut       5%         3d4       36%         5
 Anguish                  Hex/Necr       5%         N/A       50%         4
 Dispel Undead            Necr           11%        3d9       50%         4
 Summon Ice Beast         Ice/Summ       11%        N/A       50%         4
 Summon Mana Viper        Hex/Summ       11%        N/A       83%         5
 Dispersal                Tloc           17%        N/A       73%         6
 Death Channel            Necr           5%         N/A       100%        6
 Enfeeble                 Hex            5%         N/A       100%        7
 Monstrous Menagerie      Summ           5%         N/A       100%        7
 Summon Hydra             Summ           5%         N/A       100%        7
 Discord                  Hex            5%         N/A       100%        8
 Ignition                 Fire           5%         3d4       100%        8

Inventory:

Hand Weapons
 a - a +4 dagger of protection
 q - the +10 long sword of the Undead {freeze, rCorr Stlth+}
   (You found it on level 5 of the Dungeon)

   rCorr:     It protects you from acid and corrosion.
   Stlth+:    It makes you more stealthy.
 O - the +6 quarterstaff of Sloth {heavy, *Corrode rPois Int+2 Dex+3}
   (You found it on level 1 of the Lair of Beasts)

   Int+2:     It affects your intelligence (+2).
   Dex+3:     It affects your dexterity (+3).
   rPois:     It protects you from poison *Corrode: It may corrode you when you
   take damage.
Missiles
 h - 4 throwing nets {=f}
 Q - 4 darts of dispersal {=f}
 S - 8 javelins
Armour
 D - a +0 pair of gloves (worn)
 K - a +2 robe of resistance (worn)
 V - the +0 cloak "Atud" (worn) {rElec rF- rN+ Str+4}
   (You found it on level 3 of the Lair of Beasts)

   Str+4:     It affects your strength (+4).
   rF-:       It makes you vulnerable to fire.
   rElec:     It insulates you from electricity.
   rN+:       It protects you from negative energy.
Magical Staves
 i - a staff of conjuration (weapon) {!a}
 m - a staff of poison {!a}
 B - a staff of air {!a}
 H - a staff of death {!a}
Jewellery
 n - a ring of positive energy
 x - an amulet of magic regeneration (around neck)
 y - the amulet of the Air {Inacc Air Fly rElec RMsl}
   (You found it on level 3 of the Swamp)

   [amulet of nothing]

   Inacc:     It reduces the accuracy of your attacks and spells.
   Air:       It enhances your air magic.
   rElec:     It insulates you from electricity.
   Fly:       It grants you flight.
   RMsl:      It protects you from missiles.
 M - a ring of magical power (right hand)
 P - a ring of poison resistance (left hand)
 R - an amulet of regeneration
 T - a +4 ring of protection
 W - a ring of willpower
 Z - a ring of wizardry
Wands
 r - a wand of charming (19)
 t - a wand of polymorph (14)
 u - a wand of iceblast (12)
 C - a wand of light (2)
 F - a wand of digging (3)
 G - a wand of flame (18)
 X - a wand of mindburst (19)
Scrolls
 c - 4 scrolls of blinking
 d - 6 scrolls of fear
 j - 10 scrolls of teleportation {@r2}
 k - 8 scrolls of revelation
 o - 2 scrolls of fog
 v - a scroll of summoning
 w - 3 scrolls of immolation
 U - 2 scrolls of poison
 Y - 2 scrolls of amnesia
Potions
 b - 2 potions of magic
 e - 6 potions of might
 g - 4 potions of cancellation
 l - 6 potions of heal wounds {@q2}
 p - 4 potions of enlightenment
 s - 7 potions of curing {@q1}
 z - 2 potions of lignification
 A - a potion of brilliance
 E - 4 potions of mutation
 I - 8 potions of haste {@q3}
Miscellaneous
 f - a tin of tremorstones (inert)

Dungeon Overview and Level Annotations

Branches:
Dungeon (15/15)            Temple (1/1) D:5            Lair (5/5) D:9
  Swamp (4/4) Lair:3       Spider (1/4) Lair:3        Slime (0/5) Lair:5
    Orc (2/2) D:11            Elf (0/3) Orc:2        Vaults (0/5) D:14
 Depths (0/4) D:15

Altars:
Ashenzari
Cheibriados
Dithmenos
Elyvilon
Fedhas
Gozag
Hepliaklqana
Kikubaaqudgha
Makhleb
Nemelex Xobeh
Okawaru
Qazlal
Ru
Sif Muna
Trog
Uskayaw
Vehumet
Wu Jian
Xom
Yredelemnul
Zin
The Shining One
Jiyva

Shops:
D:1 (   D:6 *   D:8 ?   D:10 *   D:14 *   Orc:2 (=![![!

Portals:
Abyss: Lair:5

Annotations:
D:12 3 runed translucent doors, Etzysuoth's ghost, journeyman DsWr
Lair:4 3 runed translucent doors, Osyvawk's ghost, journeyman DrMo; Uveod's ghost, journeyman FeEE
Lair:5 2 transporters, SecretSquirrel's ghost, journeyman MiGl
Swamp:2 3 runed translucent doors, exclusion: downstairs, Lobster4's ghost, adept MiHu

~~..♣♣ ♣♣.~~~~.♣~.~...♣♣♣......♣♣
§~~.~♣♣♣..~.~.♣.~~~.~~.♣..♣...♣♣
~~♣.~~.>~~~~~♣..♣~...~.~.....♣♣♣♣
.~~.~~~♣~~~..♣.~)~~~~.♣~~~..♣.♣.♣
...~~~~.~~~~♣..~~~.~~~~§~~...♣...
.%.~.♣~~~~.~.....~~~~.✱..~..♣♣♣.~
...~....~~~♣........~~○~~..♣♣♣.~~
~♣~~~.~♣~~~.~~.§.~.~~○~~♣..♣ ♣♣.~
~~~...§~~~~~~~<~@D○○○..~..♣♣ ♣♣.
.♣♣~~~.~.<>~~~.~~~○~.~.~~.♣♣ ♣♣
♣♣♣.~♣.~~~~~..~~~~○°~~.>...♣ ♣
♣~~.<~~.~~~~§♣♣♣♣♣♣...~..♣
♣~~.♣♣♣..).~~.♣♣ ♣~~.~~.♣
♣♣...♣♣.?......♣♣ ♣♣.~.~~♣
♣.~..♣.~.......♣♣ ♣.~..~♣
♣.~♣~~...#.##...♣ ♣....~♣♣ ♣
♣~.♣~....#...#..♣ ♣..~§~~♣♣♣♣♣


You could see a four-headed hydra (ally target).


Message History

Casting: Orb of Destruction (mildly dangerous; 1% risk of failure)
Confirm with . or Enter, or press ? or * to list all spells.
Aiming: Orb of Destruction (mildly dangerous; 1% risk of failure)
Press: ? - help, Shift-Dir - straight line, f - four-headed hydra
Aim: a four-headed hydra (magical condensation)
You feel a surge of power!
Your orb of destruction hits a mangrove.
Unknown command.
Casting: Orb of Destruction (mildly dangerous; 1% risk of failure)
Confirm with . or Enter, or press ? or * to list all spells.
Aiming: Orb of Destruction (mildly dangerous; 1% risk of failure)
Press: ? - help, Shift-Dir - straight line, f/p - four-headed hydra
Aim: a four-headed hydra (ally target)
You feel a surge of power!
The wavering orb of destruction hits the four-headed hydra!!!
The four-headed hydra is heavily wounded.
Unknown command.
Casting: Orb of Destruction (mildly dangerous; 1% risk of failure)
Confirm with . or Enter, or press ? or * to list all spells.
Aiming: Orb of Destruction (mildly dangerous; 1% risk of failure)
Press: ? - help, Shift-Dir - straight line, f/p - four-headed hydra
Aim: a four-headed hydra (magical condensation, heavily wounded, ally target)
You feel a surge of power!
The wavering orb of destruction weakly hits the four-headed hydra!!
The four-headed hydra is almost dead.
The four-headed hydra bites you!
* * * LOW HITPOINT WARNING * * *
The four-headed hydra barely misses you.
The four-headed hydra misses you. The four-headed hydra bites you!
You die...

Skill      XL: |  1  2  3  4  5  6  7  8  9 10 11 12 13 14 15 16 17 |
---------------+----------------------------------------------------+-----
Conjurations   | 2 3 4 5 6 8 11 14 16 19 20 23 24 | 24.0
Fighting       | 1 2 3 4 5 9 11 12 13 | 13.6
Air Magic      | 5 6 7 9 11 14 15 | 15.0
Dodging        | 3 7 10 | 10.0
Spellcasting   | 3 4 6 7 8 9 10 | 10.0
Evocations     | 4 |  4.5
Translocations | 4 5 |  5.0
Poison Magic   | 4 5 |  5.7
Stealth        | 3 |  3.0

Action                     |  1- 3 |  4- 6 |  7- 9 | 10-12 | 13-15 | 16-18 || total
---------------------------+-------+-------+-------+-------+-------+-------++-------
  Melee: Dagger            |       |     8 |       |     6 |       |       ||    14
         Peck              |       |     3 |     2 |     9 |     8 |       ||    22
         Kick              |       |     2 |     3 |    14 |    12 |       ||    31
         Long sword        |       |     8 |    11 |    29 |    13 |       ||    61
         Unarmed           |       |       |     5 |       |       |       ||     5
         Staff             |       |       |       |    14 |    19 |       ||    33
         Punch             |       |       |       |       |     2 |       ||     2
   Cast: Shock             |    37 |   117 |   227 |   204 |   134 |     6 ||   725
         Airstrike         |       |       |    29 |   238 |   434 |    56 ||   757
         Swiftness         |       |       |     3 |     9 |    20 |    10 ||    42
         Static Discharge  |       |       |       |    54 |   110 |    28 ||   192
         Momentum Strike   |       |       |       |     2 |     2 |       ||     4
         Flame Wave        |       |       |       |       |     6 |     2 ||     8
         Orb of Destructio |       |       |       |       |   177 |   198 ||   375
         Olgreb's Toxic Ra |       |       |       |       |       |     8 ||     8
  Evoke: Wand              |       |       |       |     5 |     9 |     8 ||    22
         Tin of tremorston |       |       |       |       |       |     3 ||     3
    Use: Scroll            |       |     2 |     4 |    12 |    12 |    13 ||    43
         Potion            |       |       |       |     1 |     1 |       ||     2
 Armour: Robe              |       |    25 |    46 |   195 |   404 |   169 ||   839
         Skin              |       |       |       |     6 |       |       ||     6
  Dodge: Dodged            |       |    32 |   113 |   228 |   372 |   252 ||   997
         Repelled          |       |       |       |     4 |       |       ||     4

Levels and vault maps discovered:
D:1:      sevenhm_arrival_forest_fort_small_3, layout_basic, serial_shops,
          nicolae_shop_pleasant_corner_grove
D:2:      layout_basic, uniq_jessica
D:3:      layout_rooms, cheibriados_altar_1
D:4:      layout_loops_corners
D:5:      minmay_inner_zag, layout_loops_ring, grunt_temple_overflow_open,
          minmay_temple_entry_statues_pillars
D:6:      kennysheep_big_flooded_room, layout_rooms, general_overflow_altar,
          zin_purify, serial_shops, nicolae_shop_rolling_square,
          hangedman_minor_gate_pass
D:7:      lemuel_slime, layout_basic, gammafunk_temple_overflow_elements
D:8:      layout_loops_cross, lemuel_tele_altar, serial_shops, kennysheep_mini,
          david_defended_altar_orc
D:9:      layout_irregular_city, minmay_lair_entry_grove
D:10:     layout_rooms, serial_shops, nicolae_shop_tiny_glass
D:11:     cheibrodos_histonic, layout_cave_pods
D:12:     layout_cave_pools, gammafunk_ghost_icy, minmay_between
D:13:     layout_roguey, hellmonk_sif_muna_bookshelves
D:14:     layout_loops_corners, hangedman_vaults_entry_quadrant_bands,
          serial_shops, shop
D:15:     grunt_enter_depths_magical_seal, layout_basic, roderic_lattice_a,
          hangedman_decor_opposing, fedhas_altar_1
Temple:   nicolae_temple_two_arcs
Lair:1:   layout_gridlike, beast_lair_carwin_11, serial_bayou_shore_b,
          uniq_joseph, uniq_fannar, uniq_amaemon
Lair:2:   layout_roguey, lemuel_fruit_tree
Lair:3:   layout_long_grid, nicolae_swamp_entry_spooky,
          spider_nest_entry_rubble, dreamdust_mushroom_princess,
          wad_woods_road_05, serial_bayou_shore_a
Lair:4:   layout_hall_layers, gammafunk_ghost_cemetery,
          pdpol_lair_cabin_in_the_woods
Lair:5:   minmay_lair_end_enchanted_forest, layout_misc_corridors,
          slime_entry_1, gammafunk_ghost_abyssal_escape, special_room
          [special_room_mythical_zoo], grunt_megastairs_1
Swamp:1:  layout_basic_swamp, evilmike_swamp_ruin_house_3,
          nicolae_swamp_treefoil, infiniplex_staircase_pool_2
Swamp:2:  layout_basic_swamp, ebering_ghost_rock_garden, hangedman_swamp_cone,
          swamp_pool_4, uniq_jorgrun, uniq_nikola
Swamp:3:  layout_falls_marsh, serial_swamp_ruin, evilmike_swamp_ruin_house_5,
          evilmike_swamp_ruin_rubble_2, evilmike_swamp_ruin_house_1,
          nicolae_swamp_super_fun_site, uniq_roxanne, uniq_mlioglotl
Swamp:4:  swamp, layout_basic_swamp
Spider:1: layout_spider_delve, nicolae_spider_shape
Orc:1:    layout_diamond_mine, basic_altar, uniq_harold
Orc:2:    kennysheep_orc_mage_school, layout_caves, serial_shops, shop, shop,
          nicolae_shop_industrial_runoff, shop, minmay_orc_temple_a

Notes
Turn   | Place    | Note
-------+----------+-------------------------------------------
     0 | D:1      | quinnr the Tengu Air Elementalist began the quest for the
                  | Orb.
     0 | D:1      | Reached XP level 1. HP: 10/10 MP: 4/4
   480 | D:1      | Reached XP level 2. HP: 16/16 MP: 4/6
   524 | D:1      | Found Reffyh's Antique Weapon Boutique.
   555 | D:1      | Reached skill level 2 in Conjurations
   681 | D:1      | Reached skill level 1 in Fighting
  1204 | D:2      | Reached XP level 3. HP: 20/20 MP: 4/7
  1507 | D:2      | Noticed Jessica
  1512 | D:2      | Killed Jessica
  1513 | D:2      | Reached skill level 3 in Conjurations
  1513 | D:2      | Reached XP level 4. HP: 26/26 MP: 4/8
  1859 | D:2      | Reached skill level 2 in Fighting
  2021 | D:2      | Reached skill level 5 in Air Magic
  2157 | D:3      | Found a snail-covered altar of Cheibriados.
  2664 | D:3      | Reached XP level 5. HP: 23/31 MP: 1/9
  3677 | D:4      | Reached skill level 4 in Conjurations
  3897 | D:5      | Entered Level 5 of the Dungeon
  3942 | D:5      | Reached XP level 6. HP: 36/36 MP: 4/10
  4002 | D:5      | Found a staircase to the Ecumenical Temple.
  4064 | Temple   | Entered the Ecumenical Temple
  4085 | D:5      | Identified the +10 long sword of the Undead {freeze, rCorr
                  | Stlth+}
  4139 | D:5      | Reached skill level 3 in Fighting
  4214 | D:5      | Reached skill level 6 in Air Magic
  4289 | D:5      | Found an opulent altar of Gozag.
  4293 | D:5      | Found a shimmering blue altar of Sif Muna.
  4545 | D:5      | Reached skill level 3 in Dodging
  4750 | D:5      | Reached skill level 5 in Conjurations
  4750 | D:5      | Gained mutation: Your magical flight helps you evade
                  | attacks. (EV +4) [Tengu growth]
  4750 | D:5      | Reached XP level 7. HP: 41/41 MP: 6/11
  4895 | D:5      | Learned a level 4 spell: Airstrike
  4899 | D:5      | Learned a level 3 spell: Swiftness
  4966 | D:6      | Found an iron altar of Okawaru.
  5077 | D:6      | Reached skill level 4 in Fighting
  5129 | D:6      | Reached skill level 7 in Air Magic
  5178 | D:6      | Noticed a wyvern
  5188 | D:6      | Killed a wyvern
  5189 | D:6      | Reached skill level 6 in Conjurations
  5256 | D:6      | Reached XP level 8. HP: 48/48 MP: 6/12
  5461 | D:6      | Reached skill level 5 in Fighting
  5461 | D:6      | Reached skill level 8 in Air Magic
  5673 | D:6      | Reached skill level 7 in Conjurations
  5705 | D:6      | Noticed a troll
  5708 | D:6      | Killed a troll
  5745 | D:6      | Reached skill level 9 in Air Magic
  5859 | D:6      | Reached skill level 8 in Conjurations
  5934 | D:6      | Found a glowing silver altar of Zin.
  5935 | D:6      | Found Zin's Purification Station.
  5941 | D:6      | Bought a potion of curing for 90 gold pieces
  5954 | D:6      | Found Jeunn's General Store.
  5959 | D:6      | Bought a potion of degeneration for 14 gold pieces
  6520 | D:7      | Reached XP level 9. HP: 54/54 MP: 5/13
  6575 | D:7      | Reached skill level 9 in Conjurations
  6575 | D:7      | Reached skill level 10 in Air Magic
  6736 | D:7      | Reached skill level 10 in Conjurations
  7787 | D:7      | You are sucked into a shaft and drop 2 floors!
  8204 | D:7      | Noticed an oklob plant
  8595 | D:7      | Found a sacrificial altar of Ru.
  8595 | D:7      | Found a broken altar of Ashenzari.
  8636 | D:8      | Reached skill level 11 in Conjurations
  8636 | D:8      | Reached skill level 11 in Air Magic
  9456 | D:8      | HP: 2/54 [orc priest/divine providence (13)]
  9460 | D:8      | Reached XP level 10. HP: 5/59 MP: 0/14
  9769 | D:8      | Found a radiant altar of Vehumet.
  9795 | D:8      | Reached skill level 12 in Conjurations
  9795 | D:8      | Reached skill level 12 in Air Magic
 10290 | D:8      | Became a worshipper of Vehumet
 10481 | D:8      | Found Usauhunn's Magic Scroll Shop.
 10484 | D:8      | Bought a scroll of revelation for 105 gold pieces
 10484 | D:8      | Bought a scroll of teleportation for 42 gold pieces
 10484 | D:8      | Bought a scroll of identify for 28 gold pieces
 10484 | D:8      | Bought a scroll of identify for 28 gold pieces
 10484 | D:8      | Bought a scroll of identify for 28 gold pieces
 10484 | D:8      | Bought a scroll of identify for 28 gold pieces
 10651 | D:9      | Reached skill level 13 in Conjurations
 10653 | D:9      | Reached skill level 13 in Air Magic
 11583 | D:10     | Entered Level 10 of the Dungeon
 11788 | D:9      | Noticed a two-headed ogre
 11844 | D:9      | Killed a two-headed ogre
 11845 | D:9      | Reached skill level 3 in Spellcasting
 11845 | D:9      | Reached skill level 14 in Conjurations
 11845 | D:9      | Reached skill level 14 in Air Magic
 11845 | D:9      | Reached XP level 11. HP: 63/63 MP: 3/17
 11942 | D:9      | Reached * piety under Vehumet
 11942 | D:9      | Offered knowledge of Magic Dart by Vehumet.
 12052 | D:9      | Learned a level 2 spell: Static Discharge
 12329 | D:9      | Found a staircase to the Lair.
 12340 | D:9      | Identified a scroll of acquirement
 12341 | D:9      | Acquired a staff of air
 12384 | D:9      | Reached skill level 4 in Spellcasting
 12786 | Lair:1   | Entered Level 1 of the Lair of Beasts
 13228 | Lair:1   | Reached skill level 15 in Conjurations
 13403 | Lair:1   | Reached skill level 15 in Air Magic
 13403 | Lair:1   | Reached skill level 1 in Evocations
 13493 | Lair:1   | Reached skill level 2 in Evocations
 13716 | Lair:1   | Reached skill level 3 in Evocations
 13812 | Lair:1   | Noticed Amaemon
 13813 | Lair:1   | Noticed Joseph
 13899 | Lair:1   | Noticed Fannar
 13899 | Lair:1   | HP: 6/63 [komodo dragon (17)]
 14048 | D:9      | Reached skill level 4 in Evocations
 14502 | D:10     | Found Laoricau's Assorted Antiques.
 14584 | D:10     | Reached skill level 16 in Conjurations
 14722 | D:10     | Reached ** piety under Vehumet
 14722 | D:10     | Offered knowledge of Scorch by Vehumet.
 15391 | D:11     | Reached XP level 12. HP: 68/68 MP: 6/19
 15517 | D:11     | Found a staircase to the Orcish Mines.
 15753 | D:11     | Reached skill level 17 in Conjurations
 15982 | D:12     | Noticed a centaur warrior
 16151 | Lair:1   | Killed Amaemon
 16164 | Lair:1   | Killed Joseph
 16442 | Orc:1    | Entered Level 1 of the Orcish Mines
 16607 | Orc:1    | Reached skill level 18 in Conjurations
 16714 | Orc:1    | Offered knowledge of Momentum Strike by Vehumet.
 16760 | D:11     | Learned a level 2 spell: Momentum Strike
 17077 | D:11     | Reached skill level 1 in Translocations
 17202 | Orc:1    | Reached *** piety under Vehumet
 17564 | Orc:1    | Noticed Harold
 17707 | Orc:1    | Killed Harold
 17708 | Orc:1    | Reached skill level 2 in Translocations
 17966 | Orc:2    | Entered Level 2 of the Orcish Mines
 18403 | Orc:2    | Found Mytaos's Distillery.
 18520 | Orc:2    | Found Cuenem's Distillery.
 18783 | Orc:2    | Offered knowledge of Flame Wave by Vehumet.
 18840 | Orc:2    | Found Fochaogg's Antique Armour Shop.
 18847 | Orc:2    | Found a staircase to the Elven Halls.
 18853 | Orc:2    | Reached skill level 3 in Translocations
 19109 | Orc:2    | Found Uhulexkad's Armour Shop.
 19176 | Orc:2    | Reached skill level 19 in Conjurations
 19314 | Orc:2    | Reached skill level 4 in Translocations
 19570 | Orc:2    | Found Kuakem's Antique Weapon Emporium.
 19591 | Orc:2    | Found a radiant altar of Vehumet.
 19614 | Orc:2    | Found Oclem's Antique Weapon Shoppe.
 19686 | Orc:2    | Learned a level 4 spell: Flame Wave
 19686 | Orc:2    | Found an ancient bone altar of Kikubaaqudgha.
 19686 | Orc:2    | Noticed Nergalle
 19690 | Orc:2    | Killed Nergalle
 19690 | Orc:2    | Reached **** piety under Vehumet
 19691 | Orc:2    | Reached XP level 13. HP: 72/72 MP: 17/20
 19763 | Orc:2    | Identified a +2 robe of resistance
 20001 | Orc:2    | Reached skill level 5 in Translocations
 20054 | Orc:2    | Offered knowledge of Fireball by Vehumet.
 20106 | Orc:2    | Noticed Erolcha
 20122 | Orc:2    | Killed Erolcha
 20123 | Orc:2    | Reached skill level 20 in Conjurations
 20446 | Orc:2    | Found Juhu's Distillery.
 20453 | Orc:2    | Found Nuing's Jewellery Shoppe.
 20701 | Lair:1   | Killed Fannar
 21156 | Lair:1   | Identified the +6 quarterstaff of Sloth {heavy, *Corrode
                  | rPois Int+2 Dex+3}
 21339 | Lair:1   | Reached skill level 6 in Fighting
 22163 | Lair:2   | You are sucked into a shaft and drop 2 floors!
 22442 | Lair:3   | Reached skill level 7 in Fighting
 23541 | Lair:3   | Reached skill level 8 in Fighting
 24549 | Lair:3   | Identified the +0 cloak "Atud" {rElec rF- rN+ Str+4}
 24980 | Lair:4   | Reached ***** piety under Vehumet
 24981 | Lair:4   | Reached skill level 9 in Fighting
 25200 | Lair:4   | Offered knowledge of Orb of Destruction by Vehumet.
 25267 | Lair:4   | Reached skill level 5 in Spellcasting
 25771 | Lair:4   | Found a runed translucent gate.
 25771 | Lair:4   | Found a runed translucent gate.
 25772 | Lair:4   | Found a runed translucent gate.
 25773 | Lair:4   | Noticed Uveod's ghost (journeyman FeEE)
 25773 | Lair:4   | Noticed Uveod's ghost (journeyman FeEE)
 25773 | Lair:4   | Noticed Osyvawk's ghost (journeyman DrMo)
 25870 | Lair:4   | Reached skill level 6 in Spellcasting
 26084 | Lair:4   | Reached XP level 14. HP: 42/86 MP: 24/24
 26123 | Lair:4   | Learned a level 7 spell: Orb of Destruction
 26211 | Lair:4   | Found a runed translucent door.
 26467 | Lair:5   | Entered Level 5 of the Lair of Beasts
 26894 | Lair:5   | Found a staircase to the Slime Pits.
 26894 | Lair:5   | Found a viscous altar of Jiyva.
 27184 | Lair:5   | Reached skill level 7 in Spellcasting
 27762 | Lair:5   | Reached skill level 21 in Conjurations
 28276 | Lair:5   | Identified the +1 robe of Entitlement {-Cast Str+5}
 28993 | Lair:5   | Reached skill level 22 in Conjurations
 30248 | Lair:5   | Reached skill level 23 in Conjurations
 30454 | Lair:5   | Found a transporter.
 30456 | Lair:5   | Found a transporter.
 30613 | Lair:5   | Noticed SecretSquirrel's ghost (journeyman MiGl)
 30675 | Lair:5   | Found a one-way gate to the infinite horrors of the Abyss.
 31557 | D:2      | Offered knowledge of Iskenderun's Battlesphere by Vehumet.
 31950 | D:7      | Reached XP level 15. HP: 91/91 MP: 23/26
 32441 | D:11     | Found a runed translucent door.
 32654 | D:11     | Found a runed translucent door.
 33292 | D:11     | Reached skill level 10 in Fighting
 33732 | D:12     | Found a runed translucent gate.
 33735 | D:12     | Found a runed translucent gate.
 34345 | D:12     | Learned a level 4 spell: Olgreb's Toxic Radiance
 34734 | D:12     | Noticed Etzysuoth's ghost (journeyman DsWr)
 34767 | D:12     | Found a runed translucent gate.
 35021 | D:13     | Reached skill level 1 in Poison Magic
 35096 | D:13     | HP: 9/93 [fire crab (shapeshifter) (5)]
 35397 | D:13     | Found a shimmering blue altar of Sif Muna.
 35576 | D:13     | Reached skill level 8 in Spellcasting
 36292 | D:14     | Reached skill level 2 in Poison Magic
 36557 | D:14     | Reached skill level 4 in Dodging
 37196 | D:14     | Found a gate to the Vaults.
 37669 | D:14     | Reached skill level 5 in Dodging
 37669 | D:14     | Reached skill level 3 in Poison Magic
 37812 | D:14     | Found Jethryts's Assorted Antiques.
 38179 | D:15     | Entered Level 15 of the Dungeon
 38254 | D:15     | Found a blossoming altar of Fedhas.
 38379 | D:15     | Paralysed by an orc sorcerer for 3 turns
 38564 | D:15     | Reached skill level 24 in Conjurations
 38601 | D:15     | Reached skill level 11 in Fighting
 38637 | D:15     | Reached skill level 6 in Dodging
 38900 | D:15     | Reached skill level 4 in Poison Magic
 38962 | D:15     | Found a staircase to the Depths.
 39231 | D:15     | Reached skill level 7 in Dodging
 39233 | D:15     | Reached XP level 16. HP: 100/100 MP: 18/29
 39762 | D:10     | Bought a scroll labelled FETAL JATINN for 25 gold pieces
 39762 | D:10     | Bought a scroll of teleportation for 75 gold pieces
 39762 | D:10     | Bought a potion of haste for 250 gold pieces
 39882 | D:14     | Bought a scroll labelled EPRONEO XOIN for 31 gold pieces
 39882 | D:14     | Bought a scroll labelled XETOTAOSIMM for 31 gold pieces
 39882 | D:14     | Bought a scroll of identify for 62 gold pieces
 39882 | D:14     | Bought a scroll of blinking for 232 gold pieces
 39882 | D:14     | Bought a scroll of teleportation for 93 gold pieces
 40391 | Lair:3   | Found a hole to the Spider Nest.
 40667 | Lair:3   | Found a staircase to the Swamp.
 40836 | Spider:1 | Entered Level 1 of the Spider Nest
 40844 | Lair:3   | Reached skill level 8 in Dodging
 40844 | Lair:3   | Reached skill level 5 in Poison Magic
 42061 | Spider:1 | Reached skill level 9 in Dodging
 42941 | D:14     | Learned a level 5 spell: Iskenderun's Battlesphere
 43163 | Swamp:1  | Entered Level 1 of the Swamp
 43282 | Swamp:1  | HP: 9/100 [eleionoma (5)]
 43639 | Swamp:1  | Offered knowledge of Starburst by Vehumet.
 44156 | Swamp:1  | Reached skill level 10 in Dodging
 44512 | Swamp:2  | Noticed Jorgrun
 44517 | Swamp:2  | Killed Jorgrun
 44518 | Swamp:2  | Reached skill level 3 in Stealth
 44756 | Swamp:2  | Found a runed translucent gate.
 44758 | Swamp:2  | Noticed Lobster4's ghost (adept MiHu)
 44760 | Swamp:2  | Found a runed translucent gate.
 44824 | Swamp:2  | Reached skill level 9 in Spellcasting
 44854 | Swamp:2  | Noticed Nikola
 44872 | Swamp:2  | Killed Nikola
 44890 | Swamp:2  | Found a runed translucent gate.
 45702 | Swamp:3  | Reached skill level 12 in Fighting
 46055 | Swamp:3  | Noticed Roxanne
 46080 | Swamp:3  | Found the amulet of the Air {Inacc Air Fly rElec RMsl}
 46468 | Swamp:3  | Killed Roxanne
 46496 | Swamp:3  | Reached XP level 17. HP: 98/108 MP: 28/31
 46541 | Swamp:3  | Reached skill level 10 in Spellcasting
 46594 | Swamp:3  | Noticed Mlioglotl
 46598 | Swamp:3  | Killed Mlioglotl
 46797 | Swamp:3  | Reached skill level 13 in Fighting
 46906 | Swamp:4  | Entered Level 4 of the Swamp
 47939 | Swamp:3  | Slain by a four-headed hydra

Vanquished Creatures
  Nikola (Swamp:2)
  Jorgrun (Swamp:2)
  Mlioglotl (Swamp:3)
  Roxanne (Swamp:3)
  A fenstrider witch (Swamp:4)
  3 eleionomae
  3 bunyips
  A shambling mangrove (Swamp:3)
  A rakshasa (D:15)
  Fannar (Lair:1)
  Harold (Orc:1)
  Erolcha (Orc:2)
  2 ghost crabs
  14 hydras
  6 death yaks
  A jorogumo (Lair:3)
  A spriggan air mage (Swamp:3)
  3 centaur warriors
  4 alligators
  A death knight (D:15)
  3 boulder beetles
  3 two-headed ogres
  2 tengu warriors
  2 demonic crawlers
  A deep elf knight (D:14)
  Nergalle (Orc:2)
  A spriggan berserker (Swamp:3)
  A pharaoh ant (Spider:1)
  A spectral death yak (Lair:3)
  2 spriggan druids (Swamp:2)
  5 goliath frogs
  3 swamp dragons
  2 spectral hydras (Lair:3)
  2 bog bodies
  3 orc knights
  A steelbarb worm (Spider:1)
  A phantasmal warrior (Lair:4)
  4 deep elf pyromancers
  4 wolf spiders
  11 orc sorcerers
  A necromancer (D:15)
  8 ugly things
  An oklob plant (D:7)
  A will-o-the-wisp (Swamp:1)
  3 manticores
  5 cyclopes
  9 elephants
  Joseph (Lair:1)
  10 black mambas
  2 torpor snails
  4 gargoyles
  7 cane toads
  4 centaur skeletons (D:15)
  An unseen horror (D:11)
  A kobold demonologist (D:14)
  12 komodo dragons
  3 yaktaurs (D:14)
  3 efreet
  8 rime drakes
  A freezing wraith (D:13)
  A spectral skyshark (Lair:3)
  6 bloated husks
  2 tengu conjurers (D:15)
  9 trolls
  3 tarantellas
  16 hornets
  4 polar bears
  5 tyrant leeches
  18 blink frogs
  13 dream sheep
  4 slime creatures
  2 culicivoras
  A spectral black mamba (Lair:3)
  A shadow (D:11)
  A wyvern (shapeshifter) (D:15)
  A centaur simulacrum (D:15)
  A spriggan (shapeshifter) (D:14)
  3 jumping spiders
  11 wyverns
  39 yaks
  3 wraiths
  18 spriggans
  A human (shapeshifter) (D:14)
  A human (Lair:4)
  10 basilisks
  9 redbacks
  3 steam dragons
  20 vampire mosquitoes
  9 swamp worms
  2 wargs (Orc:1)
  An acid dragon (shapeshifter) (D:13)
  3 acid dragons
  A hell hound (Lair:5)
  2 swamp drakes (Swamp:1)
  23 water moccasins
  A spectral blink frog (Lair:3)
  19 orc warriors
  8 black bears
  A sky beast (D:6)
  6 ogres
  5 boggarts (Lair:5)
  32 wolves
  10 centaurs
  A phantom (D:5)
  4 kobold brigands
  8 bullfrogs
  A gnoll sergeant (D:11)
  3 scorpions
  7 wights (D:7)
  24 killer bees
  3 howler monkeys
  3 electric eels
  6 hounds
  6 jellies
  24 orc priests
  6 iguanas
  Jessica (D:2)
  13 hell rats
  39 orc wizards
  A sleepcap (D:5)
  5 adders
  A gnoll (D:5)
  2 white imps
  68 orcs
  5 bats
  22 endoplasms
  A giant cockroach (D:3)
  3 goblins
  8 hobgoblins
  7 jackals
  3 kobolds
  4 quokkas
  5 ball pythons
  5 frilled lizards
  6 rats
810 creatures vanquished.

Vanquished Creatures (collateral kills)
  Amaemon (Lair:1)
  A will-o-the-wisp (Swamp:2)
  An orange demon (Lair:1)
  A swamp worm (Swamp:2)
4 creatures vanquished.

Vanquished Creatures (others)
  A bunyip (Swamp:2)
  A spriggan (Swamp:2)
  A hornet (Swamp:2)
  4 vampire mosquitoes
  A swamp worm (Swamp:2)
  A howler monkey (D:11)
  10 foxfires
19 creatures vanquished.

Grand Total: 833 creatures vanquished

Table legend: (Time is in decaauts)
 A = Elapsed time spent in this place.
 B = Non-inter-level travel time spent in this place.
 C = Inter-level travel time spent in this place.
 D = Time resting spent in this place.
 E = Time spent auto-exploring this place.
 F = Levels seen in this place.
 G = Mean time per level.
                   A        B        C        D        E       F      G
               +--------+--------+--------+--------+--------+-----+--------+
         Total |  48013 |  44562 |   3451 |   9909 |  28124 |  28 | 1714.8 |
       Dungeon |  25730 |  23368 |   2362 |   3986 |  16217 |  15 | 1715.3 |
        Temple |      1 |      0 |      1 |      0 |      0 |   1 |    1.0 |
          Lair |  13775 |  13114 |    661 |   4083 |   7094 |   5 | 2755.0 |
         Swamp |   4511 |   4231 |    280 |   1201 |   2374 |   4 | 1127.8 |
   Spider Nest |    490 |    466 |     24 |     78 |    237 |   1 |  490.0 |
  Orcish Mines |   3503 |   3382 |    121 |    561 |   2202 |   2 | 1751.5 |
               +--------+--------+--------+--------+--------+-----+--------+

Top non-repeatable levels by time:
  Lair:4: 3575 daAuts
  Lair:3: 3572 daAuts
    D:11: 3443 daAuts
     D:9: 3297 daAuts
  Lair:5: 2640 daAuts
   Orc:2: 2255 daAuts
     D:8: 2201 daAuts
  Lair:2: 2051 daAuts
 Swamp:3: 2001 daAuts
     D:7: 1966 daAuts
    D:14: 1938 daAuts
  Lair:1: 1935 daAuts
     D:6: 1527 daAuts
    D:13: 1495 daAuts
    D:15: 1463 daAuts

Table legend:
 A = Non-vault XP
 B = Vault XP
 C = Vault XP percentage of total XP
 D = Non-vault monster count
 E = Vault monster count
 F = Vault count percentage of total count
                 A         B        C        D         E       F
            +---------+---------+-------+---------+---------+-------
      Total |  129241 |   64801 |  33.4 |     572 |     245 |  30.0
            +---------+---------+-------+---------+---------+-------
        D:1 |      21 |       0 |   0.0 |      13 |       0 |   0.0
        D:2 |      45 |      37 |  45.1 |      20 |       1 |   4.8
        D:3 |      80 |       0 |   0.0 |      18 |       0 |   0.0
        D:4 |      74 |       0 |   0.0 |       8 |       0 |   0.0
        D:5 |     290 |     272 |  48.4 |       9 |       5 |  35.7
        D:6 |     446 |    1001 |  69.2 |      12 |      10 |  45.5
        D:7 |    1231 |     755 |  38.0 |      26 |      22 |  45.8
        D:8 |    2645 |     127 |   4.6 |      31 |       3 |   8.8
        D:9 |    5279 |    1519 |  22.3 |      35 |      10 |  22.2
       D:10 |    2058 |       0 |   0.0 |      15 |       0 |   0.0
       D:11 |    4122 |    5614 |  57.7 |      17 |      20 |  54.1
       D:12 |    3971 |    1481 |  27.2 |      15 |       4 |  21.1
       D:13 |    5160 |       0 |   0.0 |      11 |       0 |   0.0
       D:14 |    6885 |    4299 |  38.4 |      13 |      14 |  51.9
       D:15 |    7175 |    5228 |  42.2 |      16 |      11 |  40.7
     Lair:1 |    4103 |    2938 |  41.7 |      18 |       7 |  28.0
     Lair:2 |    4237 |       0 |   0.0 |      26 |       0 |   0.0
     Lair:3 |   11134 |    4265 |  27.7 |      40 |      10 |  20.0
     Lair:4 |    8667 |    5114 |  37.1 |      27 |       9 |  25.0
     Lair:5 |   10836 |   13326 |  55.2 |      31 |      66 |  68.0
    Swamp:1 |   11957 |       0 |   0.0 |      34 |       0 |   0.0
    Swamp:2 |    8963 |    4125 |  31.5 |      21 |       2 |   8.7
    Swamp:3 |   16866 |    5824 |  25.7 |      32 |       7 |  17.9
    Swamp:4 |    3176 |       0 |   0.0 |       3 |       0 |   0.0
   Spider:1 |    4693 |     984 |  17.3 |      14 |       2 |  12.5
      Orc:1 |    2792 |     871 |  23.8 |      42 |       1 |   2.3
      Orc:2 |    2335 |    7021 |  75.0 |      25 |      41 |  62.1
            +---------+---------+-------+---------+---------+-------

Levels and vault maps discovered:
D:1:      sevenhm_arrival_forest_fort_small_3, layout_basic, serial_shops,
          nicolae_shop_pleasant_corner_grove
D:2:      layout_basic, uniq_jessica
D:3:      layout_rooms, cheibriados_altar_1
D:4:      layout_loops_corners
D:5:      minmay_inner_zag, layout_loops_ring, grunt_temple_overflow_open,
          minmay_temple_entry_statues_pillars
D:6:      kennysheep_big_flooded_room, layout_rooms, general_overflow_altar,
          zin_purify, serial_shops, nicolae_shop_rolling_square,
          hangedman_minor_gate_pass
D:7:      lemuel_slime, layout_basic, gammafunk_temple_overflow_elements
D:8:      layout_loops_cross, lemuel_tele_altar, serial_shops, kennysheep_mini,
          david_defended_altar_orc
D:9:      layout_irregular_city, minmay_lair_entry_grove
D:10:     layout_rooms, serial_shops, nicolae_shop_tiny_glass
D:11:     cheibrodos_histonic, layout_cave_pods
D:12:     layout_cave_pools, gammafunk_ghost_icy, minmay_between
D:13:     layout_roguey, hellmonk_sif_muna_bookshelves
D:14:     layout_loops_corners, hangedman_vaults_entry_quadrant_bands,
          serial_shops, shop
D:15:     grunt_enter_depths_magical_seal, layout_basic, roderic_lattice_a,
          hangedman_decor_opposing, fedhas_altar_1
Temple:   nicolae_temple_two_arcs
Lair:1:   layout_gridlike, beast_lair_carwin_11, serial_bayou_shore_b,
          uniq_joseph, uniq_fannar, uniq_amaemon
Lair:2:   layout_roguey, lemuel_fruit_tree
Lair:3:   layout_long_grid, nicolae_swamp_entry_spooky,
          spider_nest_entry_rubble, dreamdust_mushroom_princess,
          wad_woods_road_05, serial_bayou_shore_a
Lair:4:   layout_hall_layers, gammafunk_ghost_cemetery,
          pdpol_lair_cabin_in_the_woods
Lair:5:   minmay_lair_end_enchanted_forest, layout_misc_corridors,
          slime_entry_1, gammafunk_ghost_abyssal_escape, special_room
          [special_room_mythical_zoo], grunt_megastairs_1
Swamp:1:  layout_basic_swamp, evilmike_swamp_ruin_house_3,
          nicolae_swamp_treefoil, infiniplex_staircase_pool_2
Swamp:2:  layout_basic_swamp, ebering_ghost_rock_garden, hangedman_swamp_cone,
          swamp_pool_4, uniq_jorgrun, uniq_nikola
Swamp:3:  layout_falls_marsh, serial_swamp_ruin, evilmike_swamp_ruin_house_5,
          evilmike_swamp_ruin_rubble_2, evilmike_swamp_ruin_house_1,
          nicolae_swamp_super_fun_site, uniq_roxanne, uniq_mlioglotl
Swamp:4:  swamp, layout_basic_swamp
Spider:1: layout_spider_delve, nicolae_spider_shape
Orc:1:    layout_diamond_mine, basic_altar, uniq_harold
Orc:2:    kennysheep_orc_mage_school, layout_caves, serial_shops, shop, shop,
          nicolae_shop_industrial_runoff, shop, minmay_orc_temple_a
